River Rats vs Demolitions
Created - 2 avril 2014 at 23:12
Goals
|
| River Rats |
3 |
2 |
4 |
9 |
| Demolitions |
2 |
1 |
2 |
5 |
|
Shots
|
| River Rats |
16 |
12 |
13 |
41 |
| Demolitions |
13 |
5 |
11 |
29 |
|
1st period
1. River Rats , Niklas Sundstrom 40 (Jamie Arniel) at 4:24
2. River Rats , Niklas Sundstrom 41 (Brett Maclean, Andy Greene) at 7:03
3. Demolitions , Marcel Hossa 56 (Anthony Stewart, Brad Richardson) at 16:35 (PP)
4. River Rats , Niklas Sundstrom 42 (Tyler Bozak) at 19:41 (PP)
5. Demolitions , Marcel Hossa 57 (Andy Rogers, Brad Richardson) at 19:57
Penalties :
Nick Pryor (Vic) for Tripping (Minor) at 10:06, Niklas Sundstrom (Alb) for High sticking (Minor) at 16:24, Brad Richardson (Vic) for Holding (Minor) at 19:34
2nd period
6. River Rats , Niklas Sundstrom 43 (Brett Maclean, Tyler Bozak) at 12:11
7. River Rats , James Van Riemsdyk 21 (Niklas Sundstrom, Tyler Bozak) at 12:31 (PP)
8. Demolitions , Anthony Stewart 44 (Marcel Hossa, Brad Richardson) at 17:59 (PP)
Penalties :
Andy Greene (Alb) for Holding (Minor) at 3:40, Anthony Stewart (Vic) for Cross-checking (Minor) at 12:17, Mikkel Boedker (Alb) for Holding (Minor) at 13:00, Nicolas Blanchard (Vic) for Hooking (Minor) at 15:15, Tomas Kubalik (Alb) for Roughing (Minor) at 17:54
3rd period
9. River Rats , Brett Maclean 26 (Niklas Sundstrom, Tyler Bozak) at 0:39
10. Demolitions , Jordan LaVallee 10 (Marc-André Bernier) at 6:19
11. River Rats , Jamie Arniel 10 (Matt Jones, Andy Greene) at 8:43
12. River Rats , James Van Riemsdyk 22 (Matt Jones) at 17:31
13. Demolitions , Kyle Wharton 1 (Brandon Bochenski, Ryan Craig) at 18:50
14. River Rats , Mikkel Boedker 40 (Peter Mueller) at 19:36 (PP)
Penalties :
Chris Mcallister (Alb) for High sticking (Minor) at 4:08, Brad Richardson (Vic) for Roughing (Minor) at 8:53, Mikkel Boedker (Alb) for Holding (Minor) at 15:50, Marcel Hossa (Vic) for Hooking (Minor) at 16:09, Nicolas Blanchard (Vic) for Holding (Minor) at 19:33
Goalie Stats
Braden Holtby (Alb), 24 saves from 29 shots - (0,828), W, 12-17-3, 60:00 minutes
Antero Niittymaki (Vic), 32 saves from 41 shots - (0,780), L, 23-16-4, 60:00 minutes
Players Stats for River Rats
Player Name G A P +/- PIM S H SB GA TA FO MP PP MP PK MP
------------------------------------------------------------------------------------
Andy Greene 0 2 2 1 2 0 3 3 0 0 0/0 30:34 3:58 3:02
Brett Maclean 1 2 3 2 0 7 0 0 0 0 2/2 16:55 0:00 0:00
Bryan Rodney 0 0 0 2 0 0 0 0 0 0 0/0 4:00 0:00 0:34
Chris Mcallister 0 0 0 0 2 3 1 0 0 0 0/0 7:59 0:00 0:00
James Van Riemsdyk 2 0 2 1 0 2 0 1 0 0 0/1 17:41 3:35 1:10
Jamie Arniel 1 1 2 0 0 2 0 1 0 0 0/0 10:06 0:00 1:49
Kyle Chipchura 0 0 0 0 0 0 1 0 0 0 5/8 12:29 0:00 3:38
Martin Grenier 0 0 0 0 0 2 2 0 0 1 0/0 22:19 3:58 4:11
Matt Jones 0 2 2 3 0 1 0 1 1 1 0/0 25:28 2:42 2:56
Mikkel Boedker 1 0 1 -1 4 3 0 0 0 0 0/0 16:16 3:24 1:07
Niklas Sundstrom 4 2 6 2 2 11 6 0 1 0 1/4 20:13 3:16 0:00
Nolan Pratt 0 0 0 0 0 3 1 2 1 2 0/0 24:48 2:42 2:21
Pavel Valentenko 0 0 0 0 0 1 1 0 0 0 0/0 13:07 0:00 0:00
Peter Mueller 0 1 1 0 0 1 1 1 0 0 6/15 16:22 3:24 0:23
Sergei Kostitsyn 0 0 0 0 0 3 2 0 0 0 0/0 12:38 3:05 1:17
Steve Quailer 0 0 0 1 0 0 0 0 0 0 1/1 11:28 0:00 3:40
Tomas Kubalik 0 0 0 1 2 0 0 0 0 0 0/0 9:05 0:00 0:00
Tyler Bozak 0 4 4 2 0 2 4 0 0 0 24/40 20:14 3:16 0:00
Players Stats for Demolitions
Player Name G A P +/- PIM S H SB GA TA FO MP PP MP PK MP
------------------------------------------------------------------------------------
Andy Rogers 0 1 1 -2 0 2 1 2 3 1 0/0 29:35 4:11 4:00
Anthony Stewart 1 1 2 -1 2 2 0 0 0 1 0/1 19:46 3:45 1:07
Anton Babchuk 0 0 0 -2 0 0 1 2 0 1 0/0 27:18 4:11 4:00
Brad Richardson 0 3 3 -1 4 2 1 1 0 0 24/48 23:18 3:45 2:45
Brandon Bochenski 0 1 1 0 0 3 3 0 0 0 0/1 14:34 2:33 0:00
Cal Clutterbuck 0 0 0 -1 0 1 6 0 0 0 0/2 9:25 0:14 1:48
Jordan LaVallee 1 0 1 -1 0 3 0 0 0 0 0/0 8:45 0:00 1:29
Josh Beaulieu 0 0 0 0 0 0 0 0 0 0 0/0 0:21 0:00 0:15
Kyle Wharton 1 0 1 -1 0 2 0 0 0 0 0/0 20:08 2:07 2:40
Marc-André Bernier 0 1 1 -1 0 0 1 0 0 0 1/1 12:12 0:14 0:03
Marcel Hossa 2 1 3 -1 2 4 1 0 0 0 0/1 22:24 3:44 3:30
Masi Marjamaki 0 0 0 0 0 0 0 0 0 0 0/0 0:00 0:00 0:00
Matt Corrente 0 0 0 -1 0 0 0 1 0 0 0/0 20:08 2:07 2:40
Nicholas D'Agostino 0 0 0 0 0 0 0 0 0 0 0/0 9:56 0:00 0:00
Nick Pryor 0 0 0 0 2 0 0 0 0 0 0/0 2:45 0:14 0:00
Nicolas Blanchard 0 0 0 0 4 0 4 0 0 0 3/7 11:23 0:00 0:50
Petr Vrana 0 0 0 -1 0 2 1 0 1 0 0/0 11:15 0:14 0:00
Robert Bortuzzo 0 0 0 0 0 0 2 0 0 0 0/0 10:17 0:14 0:00
Robert Klinkhammer 0 0 0 0 0 0 0 0 0 0 0/0 0:00 0:00 0:00
Ryan Craig 0 1 1 0 0 3 3 1 0 0 4/10 16:13 2:33 1:33
Spencer Machacek 0 0 0 0 0 0 0 0 0 0 0/0 0:00 0:00 0:00
Troy Brouwer 0 0 0 0 0 5 3 1 0 0 0/0 14:34 2:33 0:00
Vince Rocco 0 0 0 -1 0 0 0 0 0 0 0/0 7:16 0:00 0:00
3 Stars
1 - Niklas Sundstrom (Alb)
2 - Tyler Bozak (Alb)
3 - Brett Maclean (Alb)
Power Play
River Rats - 3 on 7 Attempt(s) - 42,86%
Demolitions - 2 on 6 Attempt(s) - 33,33%
Penalty Kill
River Rats - 4 on 6 Attempt(s) - 66,67%
- Score 0 goal in Penalty Kill
Demolitions - 4 on 7 Attempt(s) - 57,14%
- Score 0 goal in Penalty Kill
Official
Referees : Peel Tim and Meier Brad
Linesman : Shane Heyer and Mark Shewchyk
Game Notes
Niklas Sundstrom has scored a Hat Trick!
Finance
Level 1 -- Attendance: 1424 (71,20%) -- Ticket Income 49 840 $
Level 2 -- Attendance: 663 (66,30%) -- Ticket Income 9 945 $
Total Attendance: 2087 (69,57%)
Total Ticket Income: 59 785 $
Other Income: 2 989 $
Total Income: 62 774 $
River Rats
5 vs 5 Forward
Center Left Wing Right Wing Time % Phy DF OF
1 Tyler Bozak Brett Maclean Niklas Sundstrom 40 1 2 2
2 Peter Mueller James Van Riemsdyk Mikkel Boedker 30 1 2 2
3 Kyle Chipchura Sergei Kostitsyn Tomas Kubalik 20 1 2 2
4 Jamie Arniel Chris Mcallister Steve Quailer 10 1 2 2
5 vs 5 Defense
Defense Defense Time % Phy DF OF
1 Andy Greene Matt Jones 40 1 2 2
2 Martin Grenier Nolan Pratt 30 1 2 2
3 Pavel Valentenko Nolan Pratt 20 1 2 2
4 Pavel Valentenko Andy Greene 10 1 2 2
PowerPlay Forward
Center Left Wing Right Wing Time % Phy DF OF
1 Tyler Bozak James Van Riemsdyk Niklas Sundstrom 60 1 2 2
2 Peter Mueller Sergei Kostitsyn Mikkel Boedker 40 1 2 2
PowerPlay Defense
Defense Defense Time % Phy DF OF
1 Martin Grenier Andy Greene 60 1 2 2
2 Nolan Pratt Matt Jones 40 1 2 2
Penalty Kill 4 Players Forward
Center Wing Time % Phy DF OF
1 Kyle Chipchura Steve Quailer 60 1 2 2
2 Jamie Arniel Mikkel Boedker 40 1 2 2
Penalty Kill 4 Players Defense
Defense Defense Time % Phy DF OF
1 Andy Greene Martin Grenier 60 1 2 2
2 Nolan Pratt Matt Jones 40 1 2 2
Penalty Kill - 3 Players Forward
Forward Time % Phy DF OF
1 Kyle Chipchura 60 1 2 2
2 Jamie Arniel 40 1 2 2
Penalty Kill - 3 Players Defense
Defense Defense Time % Phy DF OF
1 Andy Greene Martin Grenier 60 1 2 2
2 Bryan Rodney Matt Jones 40 1 2 2
4 vs 4 Forward
Center Wing Time % Phy DF OF
1 Peter Mueller Mikkel Boedker 60 1 2 2
2 Tyler Bozak James Van Riemsdyk 40 1 2 2
4 vs 4 Defense
Defense Defense Time % Phy DF OF
1 Andy Greene Martin Grenier 60 1 2 2
2 Nolan Pratt Matt Jones 40 1 2 2
Last Minutes Offensive
Center Left Wing Right Wing Defense Defense
Tyler Bozak Chris Mcallister Niklas Sundstrom Andy Greene Matt Jones
Last Minutes Defensive
Center Left Wing Right Wing Defense Defense
Tyler Bozak Sergei Kostitsyn Niklas Sundstrom Andy Greene Nolan Pratt
Goaltenders
Starting : Braden Holtby
Backup : Adam Munro
Extra Forwards
Normal : Peter Mueller, James Van Riemsdyk, Tomas Kubalik - PP : Chris Mcallister, James Van Riemsdyk - PK : Sergei Kostitsyn
Extra Defensemen
Normal : Pavel Valentenko, Matt Jones, Bryan Rodney - PP : Pavel Valentenko - PK : Matt Jones, Bryan Rodney
Penalty Shots
Mikkel Boedker, Sergei Kostitsyn, Peter Mueller, Tyler Bozak, James Van Riemsdyk
Demolitions
5 vs 5 Forward
Center Left Wing Right Wing Time % Phy DF OF
1 Brad Richardson Marcel Hossa Anthony Stewart 40 1 2 2
2 Ryan Craig Troy Brouwer Brandon Bochenski 30 1 2 2
3 Nicolas Blanchard Petr Vrana Marc-André Bernier 20 1 2 2
4 Vince Rocco Jordan LaVallee Cal Clutterbuck 10 1 2 2
5 vs 5 Defense
Defense Defense Time % Phy DF OF
1 Andy Rogers Anton Babchuk 40 1 2 2
2 Matt Corrente Kyle Wharton 30 1 2 2
3 Robert Bortuzzo Nicholas D'Agostino 20 1 2 2
4 Nick Pryor Andy Rogers 10 1 2 2
PowerPlay Forward
Center Left Wing Right Wing Time % Phy DF OF
1 Brad Richardson Marcel Hossa Anthony Stewart 60 1 2 2
2 Ryan Craig Troy Brouwer Brandon Bochenski 40 1 2 2
PowerPlay Defense
Defense Defense Time % Phy DF OF
1 Andy Rogers Anton Babchuk 60 1 2 2
2 Matt Corrente Kyle Wharton 40 1 2 2
Penalty Kill 4 Players Forward
Center Wing Time % Phy DF OF
1 Brad Richardson Marcel Hossa 60 1 2 2
2 Anthony Stewart Ryan Craig 40 1 2 2
Penalty Kill 4 Players Defense
Defense Defense Time % Phy DF OF
1 Andy Rogers Anton Babchuk 60 1 2 2
2 Matt Corrente Kyle Wharton 40 1 2 2
Penalty Kill - 3 Players Forward
Forward Time % Phy DF OF
1 Brad Richardson 60 1 2 2
2 Marcel Hossa 40 1 2 2
Penalty Kill - 3 Players Defense
Defense Defense Time % Phy DF OF
1 Andy Rogers Anton Babchuk 60 1 2 2
2 Matt Corrente Kyle Wharton 40 1 2 2
4 vs 4 Forward
Center Wing Time % Phy DF OF
1 Brad Richardson Marcel Hossa 60 1 2 2
2 Anthony Stewart Ryan Craig 40 1 2 2
4 vs 4 Defense
Defense Defense Time % Phy DF OF
1 Andy Rogers Anton Babchuk 60 1 2 2
2 Matt Corrente Kyle Wharton 40 1 2 2
Last Minutes Offensive
Center Left Wing Right Wing Defense Defense
Brad Richardson Marcel Hossa Anthony Stewart Andy Rogers Anton Babchuk
Last Minutes Defensive
Center Left Wing Right Wing Defense Defense
Brad Richardson Marcel Hossa Anthony Stewart Andy Rogers Anton Babchuk
Goaltenders
Starting : Antero Niittymaki
Backup : Chad Johnson
Extra Forwards
Normal : Marc-André Bernier, Petr Vrana, Cal Clutterbuck - PP : Marc-André Bernier, Petr Vrana - PK : Cal Clutterbuck
Extra Defensemen
Normal : Robert Bortuzzo, Nicholas D'Agostino, Nick Pryor - PP : Robert Bortuzzo - PK : Nicholas D'Agostino, Nick Pryor
Penalty Shots
Brad Richardson, Marcel Hossa, Anthony Stewart, Ryan Craig, Troy Brouwer
% Time on Ice - River Rats
Lines # - Real PCT - Wanted PCT - Time Play
Normal Forward
1 - 38% - 40% - 17:21
2 - 25% - 30% - 11:24
3 - 19% - 20% - 8:35
4 - 17% - 10% - 7:48
Normal Defense
1 - 42% - 40% - 18:55
2 - 30% - 30% - 13:25
3 - 18% - 20% - 7:55
4 - 11% - 10% - 4:53
PP Forward
1 - 54% - 60% - 3:35
2 - 46% - 40% - 3:05
PP Defense
1 - 60% - 60% - 3:58
2 - 41% - 40% - 2:42
PK Forward
1 - 72% - 60% - 4:43
2 - 28% - 40% - 1:49
PK Defense
1 - 64% - 60% - 4:11
2 - 36% - 40% - 2:21
PK3 Forward
1 - 0% - 60%
2 - 0% - 40%
PK3 Defense
1 - 0% - 60%
2 - 0% - 40%
44 Forward
1 - 100% - 60% - 1:40
2 - 0% - 40% - 0:00
44 Defense
1 - 93% - 60% - 1:33
2 - 7% - 40% - 0:07
Last Minute Offensive - 0:00
Last Minute Defensive - 0:00
Total
Forward - 60:00
Defense - 60:00
|
% Time on Ice - Demolitions
Lines # - Real PCT - Wanted PCT - Time Play
Normal Forward
1 - 34% - 40% - 15:16
2 - 27% - 30% - 12:01
3 - 23% - 20% - 10:35
4 - 16% - 10% - 7:16
Normal Defense
1 - 40% - 40% - 18:04
2 - 33% - 30% - 14:51
3 - 22% - 20% - 9:56
4 - 5% - 10% - 2:17
PP Forward
1 - 61% - 60% - 3:59
2 - 39% - 40% - 2:33
PP Defense
1 - 68% - 60% - 4:25
2 - 32% - 40% - 2:07
PK Forward
1 - 83% - 60% - 5:33
2 - 17% - 40% - 1:07
PK Defense
1 - 60% - 60% - 4:00
2 - 40% - 40% - 2:40
PK3 Forward
1 - 0% - 60%
2 - 0% - 40%
PK3 Defense
1 - 0% - 60%
2 - 0% - 40%
44 Forward
1 - 100% - 60% - 1:40
2 - 0% - 40% - 0:00
44 Defense
1 - 70% - 60% - 1:10
2 - 30% - 40% - 0:30
Last Minute Offensive - 0:00
Last Minute Defensive - 0:00
Total
Forward - 60:00
Defense - 60:00
|
Play by Play
1st period
0:01 of 1st period - Brad Richardson wins face-off versus Niklas Sundstrom in neutral zone.
0:06 of 1st period - Snap shot by Marcel Hossa.
0:06 of 1st period - Stopped by Braden Holtby without a rebound.
0:07 of 1st period - Tyler Bozak wins face-off versus Brad Richardson in River Rats zone.
0:22 of 1st period - Backhand shot by Brett Maclean.
0:22 of 1st period - Stopped by Antero Niittymaki without a rebound.
0:23 of 1st period - Ryan Craig wins face-off versus Peter Mueller in Demolitions zone.
0:36 of 1st period - Slapshot by Troy Brouwer.
0:36 of 1st period - Stopped by Braden Holtby without a rebound.
0:37 of 1st period - Kyle Chipchura wins face-off versus Nicolas Blanchard in River Rats zone.
0:37 of 1st period - Kyle Chipchura is hit by Robert Bortuzzo.
1:24 of 1st period - Snap shot by Troy Brouwer.
1:24 of 1st period - Stopped by Braden Holtby with a rebound.
2:27 of 1st period - Slapshot by Nolan Pratt.
2:27 of 1st period - Shot Misses the Net.
2:35 of 1st period - Snap shot by Cal Clutterbuck.
2:35 of 1st period - Shot Misses the Net.
3:15 of 1st period - Wrist shot by Brett Maclean.
3:15 of 1st period - Stopped by Antero Niittymaki without a rebound.
3:16 of 1st period - Tyler Bozak wins face-off versus Brandon Bochenski in Demolitions zone.
3:31 of 1st period - Niklas Sundstrom is hit by Andy Rogers and loses puck.
3:42 of 1st period - Andy Rogers is hit by Andy Greene.
4:02 of 1st period - Matt Jones is hit by Cal Clutterbuck and loses puck.
4:09 of 1st period - Bryan Rodney is hit by Cal Clutterbuck and loses puck.
4:24 of 1st period - Snap shot by Niklas Sundstrom.
4:24 of 1st period - Goal by Niklas Sundstrom - River Rats : 1 - Demolitions : 0.
4:25 of 1st period - Brad Richardson wins face-off versus Tyler Bozak in neutral zone.
5:13 of 1st period - Wrist shot by Cal Clutterbuck.
5:13 of 1st period - Shot Misses the Net.
5:19 of 1st period - Jordan LaVallee is hit by Martin Grenier and loses puck.
5:38 of 1st period - Chris Mcallister is hit by Troy Brouwer and loses puck.
6:59 of 1st period - Snap shot by Brett Maclean.
6:59 of 1st period - Stopped by Antero Niittymaki with a rebound.
7:01 of 1st period - Wrist shot by Niklas Sundstrom.
7:01 of 1st period - Shot Blocked by Anton Babchuk.
7:03 of 1st period - Snap shot by Niklas Sundstrom.
7:03 of 1st period - Goal by Niklas Sundstrom - River Rats : 2 - Demolitions : 0.
7:04 of 1st period - Brad Richardson wins face-off versus Tyler Bozak in neutral zone.
7:29 of 1st period - Andy Greene is hit by Ryan Craig and loses puck.
7:34 of 1st period - Wrist shot by Troy Brouwer.
7:34 of 1st period - Stopped by Braden Holtby without a rebound.
7:35 of 1st period - Tyler Bozak wins face-off versus Ryan Craig in River Rats zone.
7:35 of 1st period - Tyler Bozak is hit by Ryan Craig.
8:56 of 1st period - Tyler Bozak is hit by Cal Clutterbuck and loses puck.
9:11 of 1st period - James Van Riemsdyk is hit by Robert Bortuzzo and loses puck.
9:16 of 1st period - Snap shot by Ryan Craig.
9:16 of 1st period - Shot Misses the Net.
10:06 of 1st period - Minor Penalty to Nick Pryor for Tripping.
10:07 of 1st period - Tyler Bozak wins face-off versus Brad Richardson in Demolitions zone.
10:08 of 1st period - Backhand shot by Niklas Sundstrom.
10:08 of 1st period - Stopped by Antero Niittymaki without a rebound.
10:09 of 1st period - Brad Richardson wins face-off versus Tyler Bozak in Demolitions zone.
11:20 of 1st period - Peter Mueller is hit by Cal Clutterbuck and loses puck.
11:51 of 1st period - Andy Rogers is hit by Niklas Sundstrom and loses puck.
12:06 of 1st period - Penalty to Nick Pryor is over, Nick Pryor is back on ice.
12:52 of 1st period - Slapshot by Chris Mcallister.
12:52 of 1st period - Stopped by Antero Niittymaki with a rebound.
12:54 of 1st period - Slapshot by Nolan Pratt.
12:54 of 1st period - Stopped by Antero Niittymaki with a rebound.
12:56 of 1st period - Snap shot by Chris Mcallister.
12:56 of 1st period - Stopped by Antero Niittymaki without a rebound.
12:57 of 1st period - Ryan Craig wins face-off versus Tyler Bozak in Demolitions zone.
13:10 of 1st period - Wrist shot by Ryan Craig.
13:10 of 1st period - Stopped by Braden Holtby with a rebound.
13:12 of 1st period - Snap shot by Brandon Bochenski.
13:12 of 1st period - Stopped by Braden Holtby with a rebound.
13:24 of 1st period - Marc-André Bernier is hit by Andy Greene and loses puck.
13:29 of 1st period - Slapshot by Sergei Kostitsyn.
13:29 of 1st period - Shot Misses the Net.
13:31 of 1st period - Slapshot by Pavel Valentenko.
13:31 of 1st period - Stopped by Antero Niittymaki without a rebound.
13:32 of 1st period - Peter Mueller wins face-off versus Brad Richardson in Demolitions zone.
13:54 of 1st period - Icing by Andy Rogers.
13:55 of 1st period - Tyler Bozak wins face-off versus Ryan Craig in Demolitions zone.
14:07 of 1st period - Off-side.
14:08 of 1st period - Brad Richardson wins face-off versus Tyler Bozak in neutral zone.
14:19 of 1st period - Off-side.
14:20 of 1st period - Brad Richardson wins face-off versus Tyler Bozak in neutral zone.
15:19 of 1st period - Snap shot by Matt Corrente.
15:19 of 1st period - Shot Blocked by Matt Jones.
15:54 of 1st period - Ryan Craig is hit by Niklas Sundstrom and loses puck.
15:59 of 1st period - Snap shot by Brett Maclean.
15:59 of 1st period - Stopped by Antero Niittymaki with a rebound.
16:01 of 1st period - Snap shot by Tyler Bozak.
16:01 of 1st period - Shot Misses the Net.
16:05 of 1st period - Snap shot by Niklas Sundstrom.
16:05 of 1st period - Shot Blocked by Troy Brouwer.
16:21 of 1st period - Snap shot by Petr Vrana.
16:21 of 1st period - Stopped by Braden Holtby without a rebound.
16:22 of 1st period - Brett Maclean wins face-off versus Nicolas Blanchard in River Rats zone.
16:24 of 1st period - Minor Penalty to Niklas Sundstrom for High sticking.
16:25 of 1st period - Kyle Chipchura wins face-off versus Brad Richardson in River Rats zone.
16:35 of 1st period - Snap shot by Marcel Hossa.
16:35 of 1st period - Goal by Marcel Hossa - River Rats : 2 - Demolitions : 1.
16:36 of 1st period - Tyler Bozak wins face-off versus Anthony Stewart in neutral zone.
16:45 of 1st period - Snap shot by Brett Maclean.
16:45 of 1st period - Stopped by Antero Niittymaki with a rebound.
16:47 of 1st period - Slapshot by Niklas Sundstrom.
16:47 of 1st period - Stopped by Antero Niittymaki without a rebound.
16:48 of 1st period - Tyler Bozak wins face-off versus Brad Richardson in Demolitions zone.
17:13 of 1st period - Matt Jones is hit by Petr Vrana and loses puck.
17:40 of 1st period - Backhand shot by Troy Brouwer.
17:40 of 1st period - Shot Misses the Net.
17:48 of 1st period - Brandon Bochenski is hit by Andy Greene and loses puck.
18:06 of 1st period - Snap shot by Nolan Pratt.
18:06 of 1st period - Stopped by Antero Niittymaki with a rebound.
18:53 of 1st period - Backhand shot by Troy Brouwer.
18:53 of 1st period - Stopped by Braden Holtby with a rebound.
18:55 of 1st period - Slapshot by Andy Rogers.
18:55 of 1st period - Deflect By Kyle Chipchura.
18:55 of 1st period - Stopped by Braden Holtby without a rebound.
18:56 of 1st period - Tyler Bozak wins face-off versus Ryan Craig in River Rats zone.
18:56 of 1st period - Tyler Bozak is hit by Troy Brouwer.
19:08 of 1st period - Snap shot by Brett Maclean.
19:08 of 1st period - Shot Blocked by Ryan Craig.
19:14 of 1st period - Ryan Craig is hit by Tyler Bozak and loses puck.
19:29 of 1st period - Wrist shot by Brandon Bochenski.
19:29 of 1st period - Stopped by Braden Holtby with a rebound.
19:34 of 1st period - Minor Penalty to Brad Richardson for Holding.
19:35 of 1st period - Tyler Bozak wins face-off versus Cal Clutterbuck in Demolitions zone.
19:35 of 1st period - Snap shot by Niklas Sundstrom.
19:35 of 1st period - Shot Misses the Net.
19:37 of 1st period - Slapshot by Martin Grenier.
19:37 of 1st period - Stopped by Antero Niittymaki without a rebound.
19:38 of 1st period - Tyler Bozak wins face-off versus Cal Clutterbuck in Demolitions zone.
19:41 of 1st period - Wrist shot by Niklas Sundstrom.
19:41 of 1st period - Goal by Niklas Sundstrom - River Rats : 3 - Demolitions : 1.
19:42 of 1st period - Tyler Bozak wins face-off versus Brad Richardson in neutral zone.
19:55 of 1st period - Snap shot by Brad Richardson.
19:55 of 1st period - Stopped by Braden Holtby with a rebound.
19:57 of 1st period - Snap shot by Andy Rogers.
19:57 of 1st period - Deflect By Marcel Hossa.
19:57 of 1st period - Goal by Marcel Hossa - River Rats : 3 - Demolitions : 2.
19:58 of 1st period - Brad Richardson wins face-off versus Tyler Bozak in neutral zone.
Goals for this period are 3 for River Rats vs 2 for Demolitions.
Shots for this period are 16 for River Rats vs 13 for Demolitions.
2nd period
0:01 of 2nd period - Brad Richardson wins face-off versus Tyler Bozak in neutral zone.
0:38 of 2nd period - Wrist shot by Ryan Craig.
0:38 of 2nd period - Shot Blocked by Andy Greene.
0:52 of 2nd period - Snap shot by Sergei Kostitsyn.
0:52 of 2nd period - Stopped by Antero Niittymaki with a rebound.
1:14 of 2nd period - Wrist shot by Nolan Pratt.
1:14 of 2nd period - Shot Blocked by Matt Corrente.
1:34 of 2nd period - Kyle Wharton is hit by Tyler Bozak and loses puck.
1:43 of 2nd period - Slapshot by Brett Maclean.
1:43 of 2nd period - Shot Misses the Net.
2:17 of 2nd period - Andy Rogers is hit by Sergei Kostitsyn and loses puck.
2:28 of 2nd period - Snap shot by Sergei Kostitsyn.
2:28 of 2nd period - Shot Blocked by Andy Rogers.
2:38 of 2nd period - Snap shot by Chris Mcallister.
2:38 of 2nd period - Shot Misses the Net.
3:02 of 2nd period - Brandon Bochenski is hit by Niklas Sundstrom and loses puck.
3:34 of 2nd period - Wrist shot by Anthony Stewart.
3:34 of 2nd period - Shot Misses the Net.
3:36 of 2nd period - Wrist shot by Nicolas Blanchard.
3:36 of 2nd period - Deflect By Marc-André Bernier.
3:36 of 2nd period - Shot Misses the Net.
3:36 of 2nd period - Puck is out of play.
3:37 of 2nd period - Nicolas Blanchard wins face-off versus Kyle Chipchura in River Rats zone.
3:38 of 2nd period - Snap shot by Marc-André Bernier.
3:38 of 2nd period - Shot Misses the Net.
3:40 of 2nd period - Minor Penalty to Andy Greene for Holding.
3:41 of 2nd period - Brad Richardson wins face-off versus Kyle Chipchura in River Rats zone.
4:42 of 2nd period - Slapshot by Brandon Bochenski.
4:42 of 2nd period - Shot Misses the Net.
5:24 of 2nd period - Wrist shot by Cal Clutterbuck.
5:24 of 2nd period - Shot Blocked by Nolan Pratt.
5:40 of 2nd period - Penalty to Andy Greene is over, Andy Greene is back on ice.
5:50 of 2nd period - Backhand shot by Jordan LaVallee.
5:50 of 2nd period - Shot Misses the Net.
6:02 of 2nd period - Slapshot by Nolan Pratt.
6:02 of 2nd period - Stopped by Antero Niittymaki without a rebound.
6:03 of 2nd period - Nicolas Blanchard wins face-off versus Tyler Bozak in Demolitions zone.
6:03 of 2nd period - Nicolas Blanchard is hit by Niklas Sundstrom.
6:50 of 2nd period - Snap shot by Marc-André Bernier.
6:50 of 2nd period - Shot Misses the Net.
6:52 of 2nd period - Slapshot by Matt Corrente.
6:52 of 2nd period - Shot Blocked by Andy Greene.
6:54 of 2nd period - Snap shot by Kyle Wharton.
6:54 of 2nd period - Deflect By Andy Greene.
6:54 of 2nd period - Stopped by Braden Holtby without a rebound.
6:55 of 2nd period - Peter Mueller wins face-off versus Brad Richardson in River Rats zone.
7:25 of 2nd period - Snap shot by Cal Clutterbuck.
7:25 of 2nd period - Shot Misses the Net.
8:01 of 2nd period - Slapshot by Sergei Kostitsyn.
8:01 of 2nd period - Stopped by Antero Niittymaki without a rebound.
8:02 of 2nd period - Brad Richardson wins face-off versus Tyler Bozak in Demolitions zone.
8:02 of 2nd period - Brad Richardson is hit by Tyler Bozak.
8:28 of 2nd period - Ryan Craig is hit by Pavel Valentenko and loses puck.
9:33 of 2nd period - Backhand shot by Jordan LaVallee.
9:33 of 2nd period - Stopped by Braden Holtby with a rebound.
10:12 of 2nd period - Brad Richardson is hit by Sergei Kostitsyn and loses puck.
10:29 of 2nd period - Snap shot by Petr Vrana.
10:29 of 2nd period - Stopped by Braden Holtby without a rebound.
10:30 of 2nd period - Tyler Bozak wins face-off versus Nicolas Blanchard in River Rats zone.
10:30 of 2nd period - Tyler Bozak is hit by Nicolas Blanchard.
10:36 of 2nd period - Andy Rogers is hit by Niklas Sundstrom.
10:42 of 2nd period - Snap shot by Tyler Bozak.
10:42 of 2nd period - Shot Misses the Net.
10:44 of 2nd period - Wrist shot by Brett Maclean.
10:44 of 2nd period - Shot Blocked by Andy Rogers.
10:46 of 2nd period - Slapshot by Pavel Valentenko.
10:46 of 2nd period - Shot Blocked by Anton Babchuk.
11:43 of 2nd period - Kyle Chipchura is hit by Cal Clutterbuck and loses puck.
11:50 of 2nd period - Wrist shot by Matt Jones.
11:50 of 2nd period - Deflect By Sergei Kostitsyn.
11:50 of 2nd period - Stopped by Antero Niittymaki without a rebound.
11:51 of 2nd period - Tyler Bozak wins face-off versus Brad Richardson in Demolitions zone.
11:52 of 2nd period - Snap shot by Niklas Sundstrom.
11:52 of 2nd period - Stopped by Antero Niittymaki with a rebound.
11:54 of 2nd period - Snap shot by Niklas Sundstrom.
11:54 of 2nd period - Shot Blocked by Brad Richardson.
11:56 of 2nd period - Slapshot by Brett Maclean.
11:56 of 2nd period - Stopped by Antero Niittymaki without a rebound.
11:57 of 2nd period - Brett Maclean wins face-off versus Brad Richardson in Demolitions zone.
12:11 of 2nd period - Slapshot by Niklas Sundstrom.
12:11 of 2nd period - Goal by Niklas Sundstrom - River Rats : 4 - Demolitions : 2.
12:12 of 2nd period - Tyler Bozak wins face-off versus Brad Richardson in neutral zone.
12:15 of 2nd period - Wrist shot by Tyler Bozak.
12:15 of 2nd period - Stopped by Antero Niittymaki with a rebound.
12:17 of 2nd period - Minor Penalty to Anthony Stewart for Cross-checking.
12:18 of 2nd period - Tyler Bozak wins face-off versus Brad Richardson in Demolitions zone.
12:21 of 2nd period - Slapshot by Martin Grenier.
12:21 of 2nd period - Stopped by Antero Niittymaki with a rebound.
12:23 of 2nd period - Snap shot by Niklas Sundstrom.
12:23 of 2nd period - Stopped by Antero Niittymaki with a rebound.
12:25 of 2nd period - Slapshot by Martin Grenier.
12:25 of 2nd period - Shot Misses the Net.
12:31 of 2nd period - Wrist shot by James Van Riemsdyk.
12:31 of 2nd period - Goal by James Van Riemsdyk - River Rats : 5 - Demolitions : 2.
12:32 of 2nd period - Brad Richardson wins face-off versus Tyler Bozak in neutral zone.
13:00 of 2nd period - Minor Penalty to Mikkel Boedker for Holding.
13:01 of 2nd period - Kyle Chipchura wins face-off versus Brad Richardson in River Rats zone.
14:14 of 2nd period - Martin Grenier is hit by Brandon Bochenski and loses puck.
14:42 of 2nd period - Andy Greene is hit by Brandon Bochenski.
15:00 of 2nd period - Penalty to Mikkel Boedker is over, Mikkel Boedker is back on ice.
15:06 of 2nd period - Wrist shot by Petr Vrana.
15:06 of 2nd period - Shot Blocked by Nolan Pratt.
15:15 of 2nd period - Minor Penalty to Nicolas Blanchard for Hooking.
15:16 of 2nd period - Brad Richardson wins face-off versus Peter Mueller in Demolitions zone.
15:32 of 2nd period - Snap shot by Mikkel Boedker.
15:32 of 2nd period - Stopped by Antero Niittymaki without a rebound.
15:33 of 2nd period - Tyler Bozak wins face-off versus Brad Richardson in Demolitions zone.
15:58 of 2nd period - Ryan Craig is hit by Martin Grenier and loses puck.
17:15 of 2nd period - Penalty to Nicolas Blanchard is over, Nicolas Blanchard is back on ice.
17:36 of 2nd period - Nicolas Blanchard is hit by Chris Mcallister and loses puck.
17:54 of 2nd period - Minor Penalty to Tomas Kubalik for Roughing.
17:55 of 2nd period - Brad Richardson wins face-off versus Kyle Chipchura in River Rats zone.
17:59 of 2nd period - Wrist shot by Anthony Stewart.
17:59 of 2nd period - Goal by Anthony Stewart - River Rats : 5 - Demolitions : 3.
18:00 of 2nd period - Brad Richardson wins face-off versus Tyler Bozak in neutral zone.
18:15 of 2nd period - Brad Richardson is hit by Tyler Bozak.
18:25 of 2nd period - James Van Riemsdyk is hit by Nicolas Blanchard and loses puck.
18:52 of 2nd period - Troy Brouwer is hit by Nolan Pratt and loses puck.
19:29 of 2nd period - Snap shot by Cal Clutterbuck.
19:29 of 2nd period - Stopped by Braden Holtby with a rebound.
Goals for this period are 2 for River Rats vs 1 for Demolitions.
Shots for this period are 12 for River Rats vs 5 for Demolitions.
3rd period
0:01 of 3rd period - Brad Richardson wins face-off versus Tyler Bozak in neutral zone.
0:04 of 3rd period - Slapshot by Anton Babchuk.
0:04 of 3rd period - Shot Blocked by Andy Greene.
0:09 of 3rd period - Icing by Andy Greene.
0:10 of 3rd period - Tyler Bozak wins face-off versus Brad Richardson in River Rats zone.
0:19 of 3rd period - Marcel Hossa is hit by Niklas Sundstrom.
0:37 of 3rd period - Slapshot by Niklas Sundstrom.
0:37 of 3rd period - Stopped by Antero Niittymaki with a rebound.
0:39 of 3rd period - Wrist shot by Brett Maclean.
0:39 of 3rd period - Goal by Brett Maclean - River Rats : 6 - Demolitions : 3.
0:40 of 3rd period - Tyler Bozak wins face-off versus Brad Richardson in neutral zone.
1:05 of 3rd period - Matt Jones is hit by Troy Brouwer.
1:06 of 3rd period - Icing by Matt Jones.
1:07 of 3rd period - Peter Mueller wins face-off versus Ryan Craig in River Rats zone.
1:19 of 3rd period - Off-side.
1:20 of 3rd period - Tyler Bozak wins face-off versus Brad Richardson in neutral zone.
1:47 of 3rd period - James Van Riemsdyk is hit by Marc-André Bernier and loses puck.
3:17 of 3rd period - Andy Greene is hit by Nicolas Blanchard and loses puck.
3:40 of 3rd period - Snap shot by Ryan Craig.
3:40 of 3rd period - Stopped by Braden Holtby with a rebound.
4:08 of 3rd period - Minor Penalty to Chris Mcallister for High sticking.
4:09 of 3rd period - Kyle Chipchura wins face-off versus Brad Richardson in River Rats zone.
4:18 of 3rd period - Martin Grenier is hit by Marcel Hossa and loses puck.
4:50 of 3rd period - Jamie Arniel is hit by Anton Babchuk and loses puck.
6:08 of 3rd period - Penalty to Chris Mcallister is over, Chris Mcallister is back on ice.
6:15 of 3rd period - Wrist shot by Jordan LaVallee.
6:15 of 3rd period - Stopped by Braden Holtby with a rebound.
6:17 of 3rd period - Snap shot by Jordan LaVallee.
6:17 of 3rd period - Shot Blocked by Jamie Arniel.
6:19 of 3rd period - Snap shot by Jordan LaVallee.
6:19 of 3rd period - Goal by Jordan LaVallee - River Rats : 6 - Demolitions : 4.
6:20 of 3rd period - Nicolas Blanchard wins face-off versus Tyler Bozak in neutral zone.
6:36 of 3rd period - Off-side.
6:37 of 3rd period - Brad Richardson wins face-off versus James Van Riemsdyk in neutral zone.
6:40 of 3rd period - Wrist shot by Brad Richardson.
6:40 of 3rd period - Shot Misses the Net.
7:09 of 3rd period - Slapshot by Petr Vrana.
7:09 of 3rd period - Deflect By Marc-André Bernier.
7:09 of 3rd period - Shot Misses the Net.
7:09 of 3rd period - Puck is out of play.
7:10 of 3rd period - Tyler Bozak wins face-off versus Nicolas Blanchard in River Rats zone.
7:45 of 3rd period - Wrist shot by Tyler Bozak.
7:45 of 3rd period - Stopped by Antero Niittymaki with a rebound.
7:47 of 3rd period - Slapshot by Andy Greene.
7:47 of 3rd period - Deflect By Niklas Sundstrom.
7:47 of 3rd period - Stopped by Antero Niittymaki without a rebound.
7:48 of 3rd period - Peter Mueller wins face-off versus Brad Richardson in Demolitions zone.
7:49 of 3rd period - Wrist shot by Mikkel Boedker.
7:49 of 3rd period - Stopped by Antero Niittymaki with a rebound.
8:41 of 3rd period - Slapshot by Matt Jones.
8:41 of 3rd period - Stopped by Antero Niittymaki with a rebound.
8:43 of 3rd period - Slapshot by Jamie Arniel.
8:43 of 3rd period - Goal by Jamie Arniel - River Rats : 7 - Demolitions : 4.
8:44 of 3rd period - Tyler Bozak wins face-off versus Brad Richardson in neutral zone.
8:51 of 3rd period - Wrist shot by Brett Maclean.
8:51 of 3rd period - Shot Misses the Net.
8:53 of 3rd period - Minor Penalty to Brad Richardson for Roughing.
8:54 of 3rd period - Tyler Bozak wins face-off versus Marcel Hossa in Demolitions zone.
9:07 of 3rd period - Slapshot by Martin Grenier.
9:07 of 3rd period - Shot Misses the Net.
9:09 of 3rd period - Snap shot by Niklas Sundstrom.
9:09 of 3rd period - Stopped by Antero Niittymaki with a rebound.
10:53 of 3rd period - Penalty to Brad Richardson is over, Brad Richardson is back on ice.
11:43 of 3rd period - Jordan LaVallee is hit by Kyle Chipchura and loses puck.
12:04 of 3rd period - Backhand shot by Marcel Hossa.
12:04 of 3rd period - Deflect By Brad Richardson.
12:04 of 3rd period - Shot Misses the Net.
12:04 of 3rd period - Puck is out of play.
12:05 of 3rd period - Kyle Chipchura wins face-off versus Brad Richardson in River Rats zone.
12:46 of 3rd period - Jamie Arniel is hit by Cal Clutterbuck and loses puck.
12:51 of 3rd period - Snap shot by Cal Clutterbuck.
12:51 of 3rd period - Shot Misses the Net.
13:14 of 3rd period - Snap shot by Steve Quailer.
13:14 of 3rd period - Deflect By Jamie Arniel.
13:14 of 3rd period - Stopped by Antero Niittymaki with a rebound.
13:16 of 3rd period - Wrist shot by Jamie Arniel.
13:16 of 3rd period - Shot Hit the Post.
13:18 of 3rd period - Snap shot by Steve Quailer.
13:18 of 3rd period - Shot Misses the Net.
13:52 of 3rd period - Snap shot by Chris Mcallister.
13:52 of 3rd period - Stopped by Antero Niittymaki without a rebound.
13:53 of 3rd period - Tyler Bozak wins face-off versus Brad Richardson in Demolitions zone.
14:09 of 3rd period - Snap shot by Marcel Hossa.
14:09 of 3rd period - Stopped by Braden Holtby with a rebound.
14:29 of 3rd period - Wrist shot by Troy Brouwer.
14:29 of 3rd period - Deflect By Ryan Craig.
14:29 of 3rd period - Stopped by Braden Holtby with a rebound.
15:11 of 3rd period - Brandon Bochenski is hit by Peter Mueller and loses puck.
15:22 of 3rd period - Bryan Rodney is hit by Nicolas Blanchard and loses puck.
15:28 of 3rd period - Icing by Pavel Valentenko.
15:29 of 3rd period - Brad Richardson wins face-off versus Tyler Bozak in River Rats zone.
15:44 of 3rd period - Slapshot by Anthony Stewart.
15:44 of 3rd period - Stopped by Braden Holtby without a rebound.
15:45 of 3rd period - Ryan Craig wins face-off versus Peter Mueller in River Rats zone.
15:46 of 3rd period - Slapshot by Troy Brouwer.
15:46 of 3rd period - Stopped by Braden Holtby without a rebound.
15:47 of 3rd period - Peter Mueller wins face-off versus Ryan Craig in River Rats zone.
15:47 of 3rd period - Peter Mueller is hit by Ryan Craig.
15:50 of 3rd period - Minor Penalty to Mikkel Boedker for Holding.
15:51 of 3rd period - Steve Quailer wins face-off versus Brad Richardson in River Rats zone.
15:51 of 3rd period - Steve Quailer is hit by Brad Richardson.
16:09 of 3rd period - Minor Penalty to Marcel Hossa for Hooking.
16:10 of 3rd period - Brad Richardson wins face-off versus Peter Mueller in Demolitions zone.
16:23 of 3rd period - Snap shot by James Van Riemsdyk.
16:23 of 3rd period - Shot Misses the Net.
16:25 of 3rd period - Wrist shot by Peter Mueller.
16:25 of 3rd period - Stopped by Antero Niittymaki without a rebound.
16:26 of 3rd period - Marc-André Bernier wins face-off versus Peter Mueller in Demolitions zone.
16:32 of 3rd period - Icing by Andy Rogers.
16:33 of 3rd period - Brad Richardson wins face-off versus Peter Mueller in Demolitions zone.
17:01 of 3rd period - Icing by Andy Greene.
17:02 of 3rd period - Brad Richardson wins face-off versus Peter Mueller in River Rats zone.
17:31 of 3rd period - Slapshot by James Van Riemsdyk.
17:31 of 3rd period - Goal by James Van Riemsdyk - River Rats : 8 - Demolitions : 4.
17:32 of 3rd period - Brad Richardson wins face-off versus Peter Mueller in neutral zone.
17:35 of 3rd period - Slapshot by Anton Babchuk.
17:35 of 3rd period - Shot Blocked by Peter Mueller.
17:37 of 3rd period - Slapshot by Andy Rogers.
17:37 of 3rd period - Deflect By Martin Grenier.
17:37 of 3rd period - Stopped by Braden Holtby without a rebound.
17:38 of 3rd period - Brad Richardson wins face-off versus Peter Mueller in River Rats zone.
17:45 of 3rd period - Slapshot by Anton Babchuk.
17:45 of 3rd period - Shot Blocked by James Van Riemsdyk.
17:47 of 3rd period - Slapshot by Anton Babchuk.
17:47 of 3rd period - Shot Misses the Net.
17:49 of 3rd period - Snap shot by Brad Richardson.
17:49 of 3rd period - Stopped by Braden Holtby with a rebound.
17:50 of 3rd period - Penalty to Mikkel Boedker is over, Mikkel Boedker is back on ice.
18:09 of 3rd period - Penalty to Marcel Hossa is over, Marcel Hossa is back on ice.
18:15 of 3rd period - Backhand shot by Mikkel Boedker.
18:15 of 3rd period - Deflect By James Van Riemsdyk.
18:15 of 3rd period - Shot Misses the Net.
18:15 of 3rd period - Puck is out of play.
18:16 of 3rd period - Ryan Craig wins face-off versus Tyler Bozak in Demolitions zone.
18:21 of 3rd period - Slapshot by Troy Brouwer.
18:21 of 3rd period - Shot Misses the Net.
18:25 of 3rd period - Snap shot by Brandon Bochenski.
18:25 of 3rd period - Stopped by Braden Holtby without a rebound.
18:26 of 3rd period - Tyler Bozak wins face-off versus Ryan Craig in River Rats zone.
18:26 of 3rd period - Tyler Bozak is hit by Brandon Bochenski.
18:48 of 3rd period - Snap shot by Brandon Bochenski.
18:48 of 3rd period - Shot Misses the Net.
18:50 of 3rd period - Slapshot by Kyle Wharton.
18:50 of 3rd period - Goal by Kyle Wharton - River Rats : 8 - Demolitions : 5.
18:51 of 3rd period - Brad Richardson wins face-off versus Niklas Sundstrom in neutral zone.
18:53 of 3rd period - Off-side.
18:54 of 3rd period - Brad Richardson wins face-off versus Niklas Sundstrom in neutral zone.
19:33 of 3rd period - Minor Penalty to Nicolas Blanchard for Holding.
19:34 of 3rd period - Peter Mueller wins face-off versus Brad Richardson in Demolitions zone.
19:36 of 3rd period - Wrist shot by Mikkel Boedker.
19:36 of 3rd period - Goal by Mikkel Boedker - River Rats : 9 - Demolitions : 5.
19:37 of 3rd period - Niklas Sundstrom wins face-off versus Brad Richardson in neutral zone.
Goals for this period are 4 for River Rats vs 2 for Demolitions.
Shots for this period are 13 for River Rats vs 11 for Demolitions.
Output by the SimonT Hockey Simulator (STHS) for François Prévost -- Original Page W3C XHTML 1.0 Valid